General information
- name: BNet
- type: Ladder team game (AT/RT)
- host: Battle.net
- saver: Vargleide
map: Deadlock
- players: 8
- length: 36:01
- speed: Fast
- version: 1.26 W3XP
- replay type: Public
» download(202 KB)
Players
team 1 (winner)
Seek3Destroy (
green | 53 APM | 1354 actions | 25:36)
5 Blademaster
2 Wind Walk
3 Critical Strike
4 Tauren Chieftain
2 Endurance Aura
1 War Stomp
1 Shockwave
» actions
| Assign group hotkey | 37 | |
| Basic commands | 61 | |
| Build / train | 69 | |
| ESC pressed | 1 | |
| Enter build submenu | 22 | |
| Enter hero's abilities submenu | 9 | |
| Right click | 608 | |
| Select / deselect | 271 | |
| Select group hotkey | 233 | |
| Use ability | 43 | |
1354 total
» units
| Peon | 23 | |
| Grunt | 7 | |
| Troll Batrider | 8 | |
| Demolisher | 2 | |
40 total
» upgrades
| Spiked Barricades | 2 | |
| Melee Weapons | 2 | |
| Armor | 2 | |
| Berserker Strength | 1 | |
| Pillage | 1 | |
| Liquid Fire | 1 | |
| Burning Oil | 1 | |
| Witch Doctor Training | 2 | |
| Ranged Weapons | 1 | |
13 total
» buildings
| Altar of Storms | 1 | |
| Orc Burrow | 8 | |
| Barracks | 2 | |
| Voodoo Lounge | 2 | |
| War Mill | 2 | |
| Watch Tower | 4 | |
| Stronghold | 1 | |
| Great Hall | 1 | |
| Beastiary | 1 | |
| Fortress | 1 | |
| Spirit Lodge | 1 | |
24 total
» build order
00:04 Altar of Storms
00:06 Orc Burrow
00:39 Barracks
00:59 Voodoo Lounge
01:05 Voodoo Lounge
01:31 War Mill
01:45 Orc Burrow
02:49 Watch Tower
03:17 Watch Tower
03:50 Stronghold
04:34 Orc Burrow
05:31 Orc Burrow
07:19 Great Hall
07:47 Beastiary
09:15 Orc Burrow
10:42 Fortress
12:03 Spirit Lodge
12:29 Barracks
12:59 War Mill
13:17 Orc Burrow
14:28 Orc Burrow
14:34 Orc Burrow
21:59 Watch Tower
22:00 Watch Tower
» items
| Boots of Speed | 1 | |
| Orb of Lightning | 1 | |
| Tiny Great Hall | 1 | |
3 total
Vargleide (
blue | 90 APM | 3240 actions | 36:01)
4 Blood Mage
2 Flame Strike
2 Banish
1 Dark Ranger
1 Black Arrow
» actions
| Assign group hotkey | 106 | |
| Basic commands | 540 | |
| Build / train | 142 | |
| ESC pressed | 7 | |
| Enter build submenu | 53 | |
| Enter hero's abilities submenu | 5 | |
| Give item / drop item | 8 | |
| Remove unit from queue | 3 | |
| Right click | 929 | |
| Select / deselect | 365 | |
| Select group hotkey | 928 | |
| Use ability | 153 | |
3240 total
» units
| Peasant | 25 | |
| Footman | 4 | |
| Gryphon Rider | 7 | |
| Dragonhawk Rider | 3 | |
39 total
» upgrades
| Masonry | 3 | |
| Swords | 3 | |
| Armor | 3 | |
| Lumber Harvesting | 2 | |
| Animal War Training | 1 | |
| Storm Hammers | 1 | |
| Cloud | 1 | |
14 total
» buildings
| Altar of Kings | 1 | |
| Barracks | 1 | |
| Farm | 10 | |
| Arcane Vault | 1 | |
| Scout Tower | 29 | |
| Arcane Tower | 4 | |
| Town Hall | 2 | |
| Lumber Mill | 1 | |
| Guard Tower | 35 | |
| Keep | 2 | |
| Blacksmith | 1 | |
| Castle | 3 | |
| Gryphon Aviary | 3 | |
93 total
» build order
00:49 Altar of Kings
00:52 Barracks
00:53 Farm
01:04 Farm
01:09 Farm
01:50 Arcane Vault
02:18 Farm
02:33 Scout Tower
02:48 Scout Tower
02:51 Scout Tower
03:05 Arcane Tower
03:05 Arcane Tower
03:05 Arcane Tower
04:01 Town Hall
04:04 Scout Tower
04:06 Scout Tower
04:08 Scout Tower
04:09 Scout Tower
04:11 Scout Tower
05:02 Lumber Mill
05:51 Guard Tower
07:20 Keep
07:21 Keep
07:25 Blacksmith
08:03 Scout Tower
08:07 Scout Tower
08:33 Guard Tower
08:33 Guard Tower
08:34 Guard Tower
09:19 Guard Tower
09:19 Guard Tower
09:41 Castle
09:42 Castle
10:02 Scout Tower
10:02 Scout Tower
10:06 Scout Tower
10:12 Gryphon Aviary
10:17 Gryphon Aviary
10:32 Guard Tower
10:32 Guard Tower
10:33 Guard Tower
10:33 Guard Tower
10:34 Guard Tower
10:34 Guard Tower
10:34 Guard Tower
10:34 Guard Tower
12:35 Farm
14:35 Gryphon Aviary
14:40 Farm
14:42 Farm
16:04 Farm
16:04 Farm
17:01 Farm
18:21 Town Hall
18:24 Scout Tower
18:26 Scout Tower
18:27 Scout Tower
18:28 Scout Tower
18:58 Guard Tower
18:59 Guard Tower
18:59 Guard Tower
19:00 Guard Tower
19:00 Guard Tower
19:33 Scout Tower
19:35 Scout Tower
19:37 Scout Tower
19:38 Scout Tower
19:40 Scout Tower
19:40 Scout Tower
19:42 Scout Tower
19:44 Scout Tower
21:09 Guard Tower
21:09 Guard Tower
22:04 Scout Tower
22:05 Scout Tower
22:06 Scout Tower
22:07 Scout Tower
22:33 Guard Tower
22:33 Guard Tower
22:53 Guard Tower
22:53 Guard Tower
23:34 Guard Tower
23:34 Guard Tower
23:34 Guard Tower
» items
| Scroll of Regeneration | 2 | |
| Lesser Clarity Potion | 5 | |
| Mechanical Critter | 2 | |
| Potion of Invisibility | 1 | |
| Staff of Teleportation | 2 | |
| Periapt of Vitality | 2 | |
| Scroll of Town Portal | 1 | |
| Boots of Speed | 1 | |
16 total

»
thistimehellyou (
yellow | 83 APM | 2981 actions | 36:01)
4 Demon Hunter
2 Evasion
2 Mana Burn
» actions
| Assign group hotkey | 229 | |
| Basic commands | 282 | |
| Build / train | 126 | |
| ESC pressed | 2 | |
| Enter build submenu | 22 | |
| Enter hero's abilities submenu | 4 | |
| Give item / drop item | 1 | |
| Right click | 1065 | |
| Select / deselect | 330 | |
| Select group hotkey | 807 | |
| Use ability | 113 | |
2981 total
» units
| Wisp | 29 | |
| Archer | 16 | |
| Druid of the Claw | 12 | |
| Razormane Medicine Man | 4 | |
| Glaive Thrower | 6 | |
67 total
» upgrades
| Strength of the Moon | 2 | |
| Strength of the Wild | 3 | |
| Reinforced Hides | 3 | |
| Ultravision | 1 | |
| Druid of the Claw Training | 2 | |
| Mark of the Claw | 1 | |
| Well Spring | 1 | |
| Backpack | 1 | |
| Moon Armor | 1 | |
15 total
» buildings
| Moon Well | 7 | |
| Altar of Elders | 1 | |
| Ancient of Wonders | 1 | |
| Ancient of War | 1 | |
| Hunter's Hall | 2 | |
| Tree of Ages | 3 | |
| Tree of Eternity | 2 | |
| Ancient of Lore | 3 | |
| Tree of Life | 1 | |
21 total
» build order
00:09 Moon Well
00:10 Altar of Elders
01:30 Ancient of Wonders
02:01 Moon Well
02:19 Ancient of War
02:40 Moon Well
02:58 Hunter's Hall
03:02 Hunter's Hall
04:14 Tree of Ages
04:14 Tree of Ages
04:14 Tree of Ages
05:48 Moon Well
05:52 Moon Well
06:41 Tree of Eternity
06:45 Ancient of Lore
06:46 Ancient of Lore
06:51 Ancient of Lore
07:53 Tree of Life
14:22 Moon Well
14:23 Moon Well
» items
| Periapt of Vitality | 4 | |
| Scroll of Town Portal | 2 | |
| Staff of Teleportation | 1 | |
7 total
miaalways10 (
pink | 46 APM | 1668 actions | 36:01)
4 Mountain King
1 Storm Bolt
2 Bash
1 Thunder Clap
2 Paladin
1 Holy Light
1 Divine Shield
» actions
| Assign group hotkey | 14 | |
| Basic commands | 2 | |
| Build / train | 73 | |
| Enter build submenu | 30 | |
| Enter hero's abilities submenu | 6 | |
| Remove unit from queue | 3 | |
| Right click | 773 | |
| Select / deselect | 377 | |
| Select group hotkey | 327 | |
| Use ability | 63 | |
1668 total
» units
| Peasant | 16 | |
| Footman | 7 | |
| Gryphon Rider | 11 | |
| Dragonhawk Rider | 3 | |
37 total
» upgrades
| Lumber Harvesting | 2 | |
| Defend | 1 | |
| Swords | 2 | |
| Plating | 1 | |
| Storm Hammers | 1 | |
| Cloud | 1 | |
8 total
» buildings
| Farm | 14 | |
| Altar of Kings | 1 | |
| Barracks | 1 | |
| Lumber Mill | 1 | |
| Scout Tower | 4 | |
| Guard Tower | 3 | |
| Arcane Tower | 1 | |
| Arcane Vault | 1 | |
| Blacksmith | 1 | |
| Keep | 1 | |
| Castle | 1 | |
| Town Hall | 3 | |
| Gryphon Aviary | 2 | |
34 total
» build order
00:07 Farm
00:11 Altar of Kings
00:29 Barracks
01:25 Farm
01:57 Farm
02:33 Lumber Mill
02:54 Scout Tower
03:01 Scout Tower
03:50 Guard Tower
03:51 Arcane Tower
03:55 Arcane Vault
04:00 Farm
04:09 Blacksmith
04:52 Farm
05:28 Keep
05:33 Scout Tower
06:04 Scout Tower
06:06 Guard Tower
06:52 Guard Tower
07:53 Castle
09:05 Town Hall
11:27 Gryphon Aviary
11:41 Gryphon Aviary
12:46 Farm
12:58 Farm
13:40 Farm
13:48 Farm
14:25 Farm
14:41 Farm
15:26 Farm
15:29 Farm
22:53 Farm
23:28 Town Hall
26:12 Town Hall
» items
| Scroll of Regeneration | 5 | |
| Lesser Clarity Potion | 2 | |
| Scroll of Town Portal | 4 | |
11 total
team 2 (loser)

»
jaktbrah (
red | 49 APM | 403 actions | 08:17)
2 Mountain King
1 Storm Bolt
1 Bash
» actions
| Assign group hotkey | 1 | |
| Build / train | 36 | |
| Enter build submenu | 14 | |
| Enter hero's abilities submenu | 2 | |
| Right click | 209 | |
| Select / deselect | 116 | |
| Use ability | 25 | |
403 total
» units
| Peasant | 19 | |
| Footman | 3 | |
| Rifleman | 4 | |
26 total
» upgrades
» buildings
| Farm | 6 | |
| Altar of Kings | 1 | |
| Barracks | 2 | |
| Blacksmith | 1 | |
| Town Hall | 1 | |
| Arcane Vault | 2 | |
| Keep | 1 | |
14 total
» build order
00:23 Farm
00:26 Altar of Kings
00:30 Barracks
01:04 Farm
01:51 Farm
02:42 Barracks
03:02 Blacksmith
03:59 Farm
04:17 Town Hall
04:53 Farm
05:50 Arcane Vault
05:57 Arcane Vault
07:32 Farm
07:34 Keep
» items
| Scroll of Regeneration | 2 | |
| Lesser Clarity Potion | 2 | |
4 total

»
CosmosIsAwesome (
purple | 46 APM | 383 actions | 08:20)
1 Archmage
1 Blizzard
» actions
| Basic commands | 10 | |
| Build / train | 18 | |
| Enter build submenu | 14 | |
| Enter hero's abilities submenu | 2 | |
| Right click | 226 | |
| Select / deselect | 90 | |
| Use ability | 23 | |
383 total
» units
» buildings
| Altar of Kings | 1 | |
| Farm | 4 | |
| Scout Tower | 1 | |
| Arcane Vault | 1 | |
| Lumber Mill | 1 | |
| Arcane Tower | 1 | |
| Blacksmith | 1 | |
| Barracks | 2 | |
| Keep | 1 | |
13 total
» build order
00:10 Altar of Kings
00:17 Farm
00:52 Farm
01:16 Scout Tower
01:29 Arcane Vault
01:44 Lumber Mill
01:53 Arcane Tower
02:27 Blacksmith
03:06 Barracks
03:20 Barracks
03:50 Farm
04:21 Keep
05:57 Farm
COSTA-DA-VISTA (
teal | 66 APM | 2391 actions | 36:01)
3 Blood Mage
1 Banish
2 Flame Strike
1 Archmage
1 Brilliance Aura
1 Mountain King
1 Storm Bolt
1 Blademaster
1 Critical Strike
» actions
| Assign group hotkey | 34 | |
| Basic commands | 3 | |
| Build / train | 96 | |
| Enter build submenu | 35 | |
| Enter hero's abilities submenu | 6 | |
| Give item / drop item | 1 | |
| Remove unit from queue | 1 | |
| Right click | 975 | |
| Select / deselect | 265 | |
| Select group hotkey | 828 | |
| Use ability | 147 | |
2391 total
» units
| Peasant | 30 | |
| Footman | 4 | |
| Rifleman | 2 | |
| Dragonhawk Rider | 4 | |
40 total
» upgrades
| Masonry | 3 | |
| Lumber Harvesting | 2 | |
| Long Rifles | 1 | |
6 total
» buildings
| Altar of Kings | 1 | |
| Barracks | 1 | |
| Farm | 12 | |
| Scout Tower | 76 | |
| Arcane Tower | 1 | |
| Lumber Mill | 2 | |
| Arcane Vault | 1 | |
| Town Hall | 3 | |
| Keep | 1 | |
| Guard Tower | 30 | |
| Blacksmith | 1 | |
| Gryphon Aviary | 4 | |
133 total
» build order
00:07 Altar of Kings
00:22 Barracks
00:37 Farm
00:52 Farm
01:31 Farm
01:44 Scout Tower
02:14 Arcane Tower
02:33 Lumber Mill
03:24 Farm
03:56 Arcane Vault
04:20 Town Hall
04:22 Scout Tower
04:22 Scout Tower
04:24 Scout Tower
04:24 Scout Tower
05:11 Keep
05:57 Guard Tower
06:28 Guard Tower
06:56 Blacksmith
07:46 Scout Tower
07:47 Scout Tower
07:48 Scout Tower
07:49 Scout Tower
07:50 Scout Tower
07:51 Scout Tower
08:35 Guard Tower
08:55 Guard Tower
08:59 Scout Tower
08:59 Scout Tower
09:00 Scout Tower
09:00 Scout Tower
09:02 Scout Tower
09:03 Scout Tower
09:03 Scout Tower
09:04 Scout Tower
09:39 Guard Tower
09:47 Guard Tower
09:52 Scout Tower
09:52 Scout Tower
09:52 Scout Tower
09:55 Guard Tower
10:25 Guard Tower
10:34 Scout Tower
10:34 Scout Tower
10:35 Scout Tower
10:38 Guard Tower
11:05 Guard Tower
11:08 Scout Tower
11:08 Scout Tower
11:08 Scout Tower
11:09 Scout Tower
11:09 Scout Tower
11:10 Scout Tower
11:47 Guard Tower
11:53 Scout Tower
11:53 Scout Tower
11:53 Scout Tower
12:10 Guard Tower
12:15 Scout Tower
12:15 Scout Tower
12:17 Scout Tower
12:18 Scout Tower
12:18 Scout Tower
12:19 Scout Tower
12:19 Scout Tower
12:20 Scout Tower
12:20 Scout Tower
12:21 Scout Tower
12:21 Scout Tower
12:27 Guard Tower
12:29 Scout Tower
12:29 Scout Tower
12:30 Scout Tower
12:30 Scout Tower
12:31 Scout Tower
12:59 Guard Tower
13:08 Lumber Mill
13:46 Guard Tower
13:50 Scout Tower
13:50 Scout Tower
13:51 Scout Tower
13:51 Scout Tower
13:52 Scout Tower
13:52 Scout Tower
13:52 Scout Tower
13:53 Scout Tower
14:02 Scout Tower
14:03 Scout Tower
14:03 Scout Tower
14:03 Scout Tower
14:04 Scout Tower
14:05 Scout Tower
14:05 Scout Tower
14:05 Scout Tower
14:06 Scout Tower
14:15 Scout Tower
14:15 Scout Tower
14:28 Guard Tower
14:33 Guard Tower
15:01 Guard Tower
15:15 Scout Tower
15:16 Scout Tower
15:16 Scout Tower
15:35 Scout Tower
15:35 Scout Tower
15:37 Guard Tower
15:45 Guard Tower
15:48 Guard Tower
16:09 Guard Tower
17:12 Guard Tower
22:23 Town Hall
22:30 Gryphon Aviary
22:32 Gryphon Aviary
22:45 Gryphon Aviary
22:47 Gryphon Aviary
22:52 Farm
22:52 Farm
22:52 Farm
22:53 Farm
22:58 Town Hall
23:54 Farm
23:54 Farm
23:54 Farm
24:43 Farm
» items
| Scroll of Regeneration | 3 | |
| Potion of Healing | 1 | |
| Staff of Teleportation | 1 | |
| Potion of Invisibility | 1 | |
| Potion of Lesser Invulnerability | 1 | |
| Boots of Speed | 1 | |
8 total
ArkatekK (
orange | 31 APM | 254 actions | 08:14)
1 Blademaster
1 Wind Walk
» actions
| Assign group hotkey | 7 | |
| Basic commands | 7 | |
| Build / train | 18 | |
| Enter build submenu | 5 | |
| Enter hero's abilities submenu | 1 | |
| Remove unit from queue | 3 | |
| Right click | 118 | |
| Select / deselect | 76 | |
| Select group hotkey | 4 | |
| Use ability | 15 | |
254 total
» units
| Peon | 6 | |
| Wind Rider | 3 | |
| Kodo Beast | 1 | |
10 total
» buildings
| Stronghold | 1 | |
| Orc Burrow | 2 | |
| Altar of Storms | 1 | |
| Beastiary | 1 | |
| War Mill | 1 | |
| Fortress | 1 | |
7 total
» build order
00:24 Stronghold
01:11 Orc Burrow
01:26 Altar of Storms
03:17 Beastiary
03:24 Orc Burrow
03:34 War Mill
06:35 Fortress
» items
Chat log
(00:37 / Allies) miaalways10: plan?
(00:45 / Allies) Vargleide: yeah
(01:14 / All) COSTA-DA-VISTA: and dont take an arrow in the knee
(01:46 / All) jaktbrah: is it weird that i play this game with a constant erection?
(02:08 / All) COSTA-DA-VISTA: normal i fondle myself all hte time in 4v4
(02:24 / Allies) Seek3Destroy: hes coming for your workers
(02:30 / Allies) Seek3Destroy: or not
(02:33 / Allies) Seek3Destroy: prepare for stupid harass
(04:46 / All) Vargleide: LOL
(04:49 / All) Seek3Destroy: Lol
(04:52 / All) thistimehellyou: LOL
(04:55 / All) CosmosIsAwesome: got him
(05:02 / All) jaktbrah: was pretty lulzy
(05:10 / All) Vargleide: peasant surround is pro
(05:13 / All) thistimehellyou: im just lolling that my team had to throw in 2 "lols"
(06:00 / All) CosmosIsAwesome: rofl gg
(06:03 / All) CosmosIsAwesome: this team is epic
(07:30 / Allies) miaalways10: wind riders coming
(07:47 / All) thistimehellyou: My cock feels so good inside my dogs mouth.
(08:10 / All) jaktbrah: GG
(08:32 / All) thistimehellyou: i didn't even kill anything
(08:35 / All) thistimehellyou: and they all leave, that's how pro i am
(08:55 / Allies) thistimehellyou: hey that was mine!
(09:01 / Allies) Vargleide: It isn't now man
(09:12 / Allies) thistimehellyou: definitely not team play right there mister.
(09:33 / Allies) miaalways10: wood?
(11:33 / Allies) miaalways10: wood now plz
(11:42 / Allies) miaalways10: ty
(12:22 / Allies) Seek3Destroy: lol
(15:26 / Allies) thistimehellyou: blue dont man
(15:42 / Allies) Vargleide: I'm a hell man
(15:44 / Allies) Vargleide: This time hell you
(15:48 / Allies) Vargleide: You're in hell man
(15:50 / Allies) Vargleide: To hell with you
(17:01 / All) COSTA-DA-VISTA: u guys suck!!!!!!!!!!
(17:33 / Allies) Seek3Destroy: dont yelwlow
(17:42 / Allies) Vargleide: yelwlow?
(17:49 / Allies) Vargleide: yell with low?
(17:53 / Allies) Vargleide: you want my team to scream?
(18:49 / All) Vargleide: SEEK YOUR ALLIES AND DESTROY THEM!
(20:09 / Allies) Seek3Destroy: alright
(20:11 / Allies) Seek3Destroy: you seriously
(20:14 / All) Vargleide: SEEK AND DESTROY!
(20:16 / All) Vargleide: SEEK AND DESTROY!
(20:19 / All) Vargleide: SEEK3DESTROY
(20:21 / All) Vargleide: SEEK AND DESTROY!
(20:35 / All) Vargleide: pink tps from allied units lol
(20:46 / All) Vargleide: put those footies no longer on defend
(21:53 / Allies) miaalways10: we lose
(21:57 / Allies) thistimehellyou: pink atk blues towers
(22:12 / All) Vargleide: SEEK AND DESTROY!
(22:17 / Allies) Seek3Destroy: thats ok
(22:20 / Allies) Seek3Destroy: blue has a pencil dick
(22:24 / Allies) miaalways10: lol
(22:27 / Allies) Vargleide: I'm 7 inches of steel down there
(23:17 / Allies) Vargleide: very good attack on my hall
(23:26 / All) COSTA-DA-VISTA: when i was just a little girl
(23:28 / All) COSTA-DA-VISTA: i asked my mother
(23:32 / All) COSTA-DA-VISTA: wut would i be
(23:36 / All) COSTA-DA-VISTA: would i be pretty
(23:39 / All) COSTA-DA-VISTA: would i be rich
(23:43 / All) COSTA-DA-VISTA: heres what she said to meeeeeeeeeee
(25:09 / Allies) Seek3Destroy: pretty sad to see where this game has gone
(25:15 / Allies) Seek3Destroy: wc3 nothing but a kids game
(25:28 / Allies) Vargleide: yeah the kids only play 12 year old rts because it's the same age as them
(26:26 / Allies) miaalways10: we lose
(26:27 / Allies) miaalways10: lol
(26:32 / Allies) Vargleide: Good
(26:33 / Allies) Vargleide: I'm tking
(26:36 / Allies) Vargleide: I want you to lose
(26:46 / Allies) miaalways10: fuck it idc lol
(26:50 / Allies) Vargleide: then leave
(27:02 / Allies) miaalways10: i like watching
(27:41 / Allies) miaalways10: cant wait till teal owns blue
(27:45 / Allies) Vargleide: he's my friend
(27:49 / Allies) Vargleide: we're on the same team
(27:50 / Allies) Vargleide: leave, fag
(27:57 / Allies) miaalways10: nope
(28:03 / Allies) Vargleide: yes
(28:07 / All) COSTA-DA-VISTA: fed ex is a tmy house
(28:07 / Allies) Vargleide: we'll work together to kill your bae
(28:09 / Allies) Vargleide: watch
(28:17 / Allies) miaalways10: he will fire the fuck out of you
(28:20 / Allies) Vargleide: nope
(28:21 / Allies) Vargleide: see
(28:34 / Allies) miaalways10: lol
(30:08 / Allies) miaalways10: lol
(31:09 / Allies) miaalways10: lmao
(31:25 / Allies) miaalways10: lmao
(31:26 / Allies) miaalways10: fuck
(31:36 / All) COSTA-DA-VISTA: lol
(31:37 / All) COSTA-DA-VISTA: dude
(31:41 / All) COSTA-DA-VISTA: u here?
(31:42 / Allies) Vargleide: Can't you just leave and make this easy on me?
(31:46 / All) Vargleide: These games are so bad lately
(31:52 / All) COSTA-DA-VISTA: click on ur dhawk slowly and it has some funny ass quotes
(32:07 / All) COSTA-DA-VISTA: "we're currently hovering at an altitude of 15 feet"
(32:13 / All) Vargleide: every unit has those lawl
(32:15 / All) Vargleide: they are great
(33:05 / All) COSTA-DA-VISTA: purple was mad we didnt help him
(33:12 / All) Vargleide: This game was shit
(33:16 / All) Vargleide: why are all the games so bad lately
(33:19 / All) Vargleide: If only your allies ahd stayed
(33:33 / All) COSTA-DA-VISTA: one side tks or leaves early thats y
(33:38 / All) Vargleide: every game
(33:51 / All) miaalways10: its true
(34:43 / Allies) miaalways10: u really are good though blkue
(34:59 / Allies) Vargleide: I know
(35:02 / Allies) Vargleide: But I appreciate you saying so
(35:03 / Allies) miaalways10: u worked me lol
(35:16 / Allies) miaalways10: fucker
(35:19 / Allies) Vargleide: It's nothing personal
(35:23 / Allies) Vargleide: His team all left so my team has to lose'
(35:26 / Allies) Vargleide: just the way things work
(35:44 / Allies) miaalways10: see if you can take him before...
(35:54 / Allies) Vargleide: he has all hawks that would be suicide
(35:55 / Allies) miaalways10: ill leave